 Dungeon Crawl Stone Soup version 0.30-a0-335-ge5acde7520 (webtiles) character file.

Game seed: 14999475653079716975

2881 Salm0nsnak3 the Ducker (level 9, -3/67 HPs)
             Began as a Merfolk Ice Elementalist on Oct 30, 2022.
             Was a Believer of Sif Muna.
             Slain by an orc warrior
             ... wielding a +0 short sword
              (6 damage)
             ... on level 8 of the Dungeon.
             The game lasted 00:56:08 (8081 turns).

Salm0nsnak3 the Ducker (Merfolk Ice Elementalist)   Turns: 8081, Time: 00:56:09

Health: -3/67      AC: 18    Str: 10    XL:     9   Next: 76%
Magic:  0/13       EV: 10    Int: 17    God:    Sif Muna [**....]
Gold:   424        SH:  0    Dex: 14    Spells: 5/13 levels left

rFire   . . .      SeeInvis .    v - +3 great sword
rCold   + + .      Faith    .    (shield currently unavailable)
rNeg    . . .      Spirit   +    k - +2 ice dragon scales
rPois   .          Reflect  .    (no helmet)
rElec   .          Harm     .    (no cloak)
rCorr   .          Rampage  .    t - +1 pair of gloves
Will    .....                    x - +2 pair of boots
Stlth   +.........               h - amulet of guardian spirit
HPRegen 0.31/turn                d - ring of protection from fire
MPRegen 0.13/turn                A - ring of wizardry

@: about to teleport
A: (nimble swimmer 2), mertail
a: Renounce Religion, Channel Magic


You were on level 8 of the Dungeon.
You worshipped Sif Muna.
Sif Muna was pleased with you.
You visited 1 branch of the dungeon, and saw 9 of its levels.

You collected 424 gold pieces.

Inventory:

Hand Weapons
 c - the +0 dagger of Anoel {vorpal, Dex+4}
   (You found it on level 5 of the Dungeon)

   It inflicts extra damage upon your enemies.
   Dex:       It affects your dexterity (+4).
 i - a +0 flail of electrocution
 j - a +2 spear of venom
 m - a +0 halberd
 p - a +2 vorpal falchion
 r - a +0 long sword
 u - a +0 whip
 v - a +3 great sword (weapon)
Armour
 e - an orb of wrath
 k - +2 ice dragon scales (worn)
 t - a +1 pair of gloves (worn)
 x - a +2 pair of boots (worn)
 z - a +0 tower shield
Magical Staves
 s - a staff of cold
Jewellery
 d - a ring of protection from fire (left hand)
 h - an amulet of guardian spirit (around neck)
 A - a ring of wizardry (right hand)
 C - an amulet of regeneration
Wands
 w - a wand of iceblast (2) (quivered)
 y - a wand of charming (9)
 F - a wand of digging (6)
Scrolls
 f - a scroll of blinking
 l - 2 scrolls of teleportation
 B - a scroll of immolation {unknown}
 D - a scroll of magic mapping
Potions
 a - a potion of lignification
 b - a potion of magic
 g - 2 potions of attraction
 o - 2 potions of cancellation
 q - a potion of mutation
 E - 2 potions of curing {unknown}


   Skills:
 + Level 4.9 Fighting
 + Level 1.9(4.3) Short Blades
 + Level 6.1(6.3) Long Blades
 + Level 3.9 Maces & Flails
 + Level 2.1 Polearms
 + Level 4.9 Armour
 + Level 6.3 Dodging
 + Level 2.8 Stealth
 + Level 2.1 Shields
 + Level 2.6 Spellcasting
 + Level 5.5 Ice Magic
 + Level 1.5 Evocations


You had 5 spell levels left.
You knew the following spells:

 Your Spells              Type           Power      Damage    Failure   Level
a - Freeze                Ice            84%        1d9       6%          1
b - Frozen Ramparts       Ice            42%        1d7       19%         3
c - Ozocubu's Armour      Ice            21%        N/A       19%         3
d - Shock                 Conj/Air       8%         1d3       50%         1

Your spell library contained the following spells:

 Spells                   Type           Power      Damage    Failure   Level
 Ensorcelled Hibernation  Hex/Ice        22%        N/A       28%         2
 Summon Small Mammal      Summ           8%         N/A       50%         1
 Passwall                 Tmut/Erth      1%         N/A       63%         2
 Call Canine Familiar     Summ           2%         N/A       85%         3
 Summon Guardian Golem    Hex/Summ       2%         N/A       85%         3
 Swiftness                Air            2%         N/A       85%         3
 Vhi's Electric Charge    Tloc/Air       4%         N/A       85%         3
 Summon Ice Beast         Ice/Summ       11%        N/A       86%         4
 Airstrike                Air            1%         2d(1-17)  99%         4
 Arcjolt                  Conj/Air       1%         1d11      100%        5
 Summon Forest            Summ/Tloc      1%         N/A       100%        5
 Eringya's Noxious Bog    Tmut/Pois      1%         N/A       100%        6
 Summon Hydra             Summ           1%         N/A       100%        7
 Maxwell's Capacitive Co  Air            1%         ∞         100%        8


Dungeon Overview and Level Annotations

Branches:
Dungeon (9/15)
 Temple: D:4-7         Lair: D:8-11         Orc: D:9-12

Altars:
Ashenzari
Sif Muna
Wu Jian

Annotations:
D:7 Joseph
D:8 5 runed translucent doors, highc0's ghost, novice DEHs


Innate Abilities, Weirdness & Mutations

((You are very nimble when in or above water. (Stealth+, EV+, Speed+++)))
Your lower body shifts to a powerful aquatic tail in water.


Message History

Level annotation: 5 runed translucent doors, highc0's ghost, novice DEHs
There is a stone staircase leading down here.
You hit the centaur.
The centaur is severely wounded.
The centaur hits you but does no damage.
The centaur kicks you but does no damage.
The bullfrog hits you but does no damage.
The centaur hits you.
* * * LOW HITPOINT WARNING * * *
The centaur closely misses you. The bullfrog barely misses you.
The orc warrior closely misses you.
You barely miss the centaur.
The centaur is severely wounded.
The centaur hits you.
* * * LOW HITPOINT WARNING * * *
The centaur closely misses you. The bullfrog hits you.
* * * LOW HITPOINT WARNING * * *
The orc warrior hits you with a +0 short sword.
* * * LOW HITPOINT WARNING * * *
The centaur hits you.
* * * LOW HITPOINT WARNING * * *
The centaur kicks you but does no damage.
The bullfrog closely misses you.
As you read the scroll of teleportation, it crumbles to dust.
You feel strangely unstable.
The centaur hits you but does no damage.
The centaur kicks you.
* * * LOW HITPOINT WARNING * * *
The bullfrog hits you but does no damage.
The orc warrior hits you but does no damage.
The centaur barely misses you. The centaur closely misses you.
The bullfrog hits you but does no damage.
The centaur wields a +0 vorpal shortbow.
The centaur shoots an arrow.
The arrow hits you but does no damage.
The orc warrior hits you with a +0 short sword.
* * * LOW HITPOINT WARNING * * *
The bullfrog hits you but does no damage.
The orc warrior attacks as you move away!
The orc warrior hits you with a +0 short sword!
You die...

#.#....###.....#.#.#hyyYlh..#.
#.#...#..<##.#.#...#YhyhHhYy#.
#.....######.......###++++###.
###..##.......................
#..##.####........))........
#......# #....#...)........#
##.##..# #.c###..###########
#.##..# #o># #...####.# #
#.....###F@# #.....##.# #
####...##..# #..##.##.# #
#...##^.# #..##.##.# #
#...##..###..##.##.# ##
#...#.........#.##.####.
#.............<.........
##..###.###........####. #..#
#.# #####.#### ## #..# #.# #.#


You could see an orc warrior, a bullfrog and a centaur.

Vanquished Creatures
  3 yaks (D:8)
  A wraith (D:9)
  An acid dragon (D:9)
  A water moccasin (D:7)
  A sky beast (D:8)
  2 ice beasts
  3 ogres
  2 bullfrogs
  2 scorpions
  A gnoll sergeant (D:5)
  6 wights
  5 killer bees (D:7)
  2 howler monkeys (D:8)
  4 hounds
  3 jellies
  4 iguanas
  2 orc priests
  Terence (D:2)
  An orc wizard (D:9)
  5 adders
  8 gnolls
  A white imp (D:5)
  6 worms
  2 dart slugs (D:1)
  15 orcs
  4 ball pythons
  2 bats
  3 endoplasms
  3 giant cockroaches
  5 goblins
  4 hobgoblins
  7 jackals
  5 kobolds
  3 quokkas (D:3)
  5 frilled lizards
  3 rats
126 creatures vanquished.

Vanquished Creatures (others)
  A fungus (D:1)
  A plant (D:1)
2 creatures vanquished.

Grand Total: 128 creatures vanquished

Notes
Turn   | Place    | Note
-------+----------+-------------------------------------------
     0 | D:1      | Salm0nsnak3 the Merfolk Ice Elementalist began the quest
                  | for the Orb.
     0 | D:1      | Reached XP level 1. HP: 13/13 MP: 3/3
   297 | D:1      | Reached XP level 2. HP: 17/19 MP: 5/5
  1170 | D:2      | Reached skill level 5 in Ice Magic
  1388 | D:2      | Reached XP level 3. HP: 24/25 MP: 6/6
  1543 | D:2      | Noticed Terence
  1562 | D:2      | Killed Terence
  1563 | D:2      | Reached XP level 4. HP: 25/31 MP: 2/7
  1703 | D:2      | Reached skill level 1 in Short Blades
  1739 | D:2      | Reached skill level 1 in Fighting
  2533 | D:3      | Found a shimmering blue altar of Sif Muna.
  2552 | D:3      | Became a worshipper of Sif Muna the Loreminder
  2734 | D:3      | Learned a level 3 spell: Frozen Ramparts
  2882 | D:3      | Found a faded altar of an unknown god.
  2948 | D:4      | Noticed an ogre
  2955 | D:4      | Killed an ogre
  2956 | D:4      | Reached skill level 1 in Maces & Flails
  2956 | D:4      | Reached XP level 5. HP: 38/38 MP: 8/8
  3098 | D:4      | Reached skill level 1 in Armour
  3205 | D:4      | Reached XP level 6. HP: 40/44 MP: 7/9
  3386 | D:4      | Identified the +2 leather armour of Pyschock {Dex+9}
  3769 | D:4      | Found a broken altar of Ashenzari.
  3909 | D:5      | Entered Level 5 of the Dungeon
  3995 | D:5      | Reached * piety under Sif Muna
  4046 | D:5      | Identified the +0 dagger of Anoel {vorpal, Dex+4}
  4176 | D:5      | Reached XP level 7. HP: 34/51 MP: 9/11
  4241 | D:5      | Learned a level 3 spell: Ozocubu's Armour
  4874 | D:5      | Found an ornate altar of the Wu Jian Council.
  4880 | D:5      | Noticed a spectral centipede
  4880 | D:5      | Noticed a spectral black mamba
  4880 | D:5      | Noticed a spectral cane toad
  5192 | D:6      | Reached XP level 8. HP: 58/58 MP: 12/12
  5206 | D:6      | Reached skill level 1 in Polearms
  5285 | D:6      | Reached skill level 1 in Evocations
  5558 | D:6      | Reached skill level 5 in Dodging
  5561 | D:6      | Reached skill level 1 in Shields
  5915 | D:6      | Learned a level 1 spell: Shock
  6287 | D:7      | Reached skill level 1 in Long Blades
  6503 | D:7      | Reached XP level 9. HP: 42/65 MP: 10/13
  6780 | D:7      | Noticed Joseph
  6816 | D:8      | Reached ** piety under Sif Muna
  7286 | D:8      | Found a huge runed translucent gate.
  7287 | D:8      | Found a huge runed translucent gate.
  7289 | D:8      | Found a huge runed translucent gate.
  7289 | D:8      | Noticed a manticore
  7290 | D:8      | Noticed a polar bear
  7291 | D:8      | Found a huge runed translucent gate.
  7292 | D:8      | Noticed a polar bear
  7408 | D:8      | Reached skill level 5 in Long Blades
  7595 | D:8      | Found a runed translucent door.
  7596 | D:8      | Noticed highc0's ghost (novice DEHs)
  8080 | D:8      | HP: 3/67 [orc warrior/+0 short sword (4)]
  8081 | D:8      | Slain by an orc warrior

Illustrated notes

Levels and vault maps discovered:
D:1:      lemuel_arrival_muddy, layout_basic, minmay_misc_feat_rugged
D:2:      layout_rooms, uniq_terence
D:3:      layout_loops_cross, mainiacjoe_overflow_alcove_2,
          hellmonk_ecumenical_altar_leap_of_faith, nicolae_wormholes
D:4:      layout_basic, ashenzari_altar_1, minmay_crystal_water
D:5:      layout_loops_ring, pdpol_wu_jian_five_deadly_venoms
D:6:      layout_cave_pools
D:7:      dreamdust_elfheim, layout_basic, minmay_temple_entry_fiery, eino_jars,
          uniq_joseph
D:8:      lemuel_bear_cage, layout_loops_ring, gammafunk_ghost_grave
D:9:      layout_rooms, hellmonk_ghost_happy_afterlife,
          dreamdust_princess_corridor, nicolae_shop_gadgets

Skill      XL: |  1  2  3  4  5  6  7  8  9 |
---------------+----------------------------+-----
Ice Magic      | 5 |  5.5
Dodging        | 3 4 5 6 |  6.3
Short Blades   | 1 |  1.9
Fighting       | 1 2 3 4 |  4.9
Maces & Flails | 1 2 3 |  3.9
Armour         | 1 2 4 |  4.9
Polearms       | 2 |  2.1
Evocations     | 1 |  1.5
Shields        | 2 |  2.1
Long Blades    | 2 6 |  6.1
Stealth        | |  2.8
Spellcasting   | |  2.6

Action                   |  1- 3 |  4- 6 |  7- 9 || total
-------------------------+-------+-------+-------++-------
Melee: Dagger            |    64 |     9 |    36 ||   109
       Unarmed           |     7 |       |       ||     7
       Flail             |       |   166 |    13 ||   179
       Spear             |       |       |    34 ||    34
       Great sword       |       |       |   131 ||   131
       Falchion          |       |       |    20 ||    20
 Cast: Freeze            |    10 |    11 |       ||    21
Evoke: Wand              |       |     4 |    15 ||    19
  Use: Scroll            |     3 |     8 |    12 ||    23
       Potion            |       |     1 |     6 ||     7
Armor: Robe              |    13 |       |       ||    13
       Ice dragon scales |       |   135 |   290 ||   425
       Scale mail        |       |    18 |       ||    18
Dodge: Dodged            |    51 |    95 |   168 ||   314
Block: Tower shield      |       |       |    36 ||    36

Table legend: (Time is in decaauts)
 A = Elapsed time spent in this place.
 B = Non-inter-level travel time spent in this place.
 C = Inter-level travel time spent in this place.
 D = Time resting spent in this place.
 E = Time spent auto-exploring this place.
 F = Levels seen in this place.
 G = Mean time per level.
                   A        B        C        D        E       F      G
               +--------+--------+--------+--------+--------+-----+--------+
         Total |   8440 |   8440 |      0 |   2518 |   1833 |   9 |  937.8 |
       Dungeon |   8440 |   8440 |      0 |   2518 |   1833 |   9 |  937.8 |
               +--------+--------+--------+--------+--------+-----+--------+

Top non-repeatable levels by time:
     D:6: 1220 daAuts
     D:8: 1176 daAuts
     D:1: 1164 daAuts
     D:5: 1098 daAuts
     D:4: 1036 daAuts
     D:2: 985 daAuts
     D:3: 935 daAuts
     D:7: 770 daAuts
     D:9: 51 daAuts
